Construct Section Command Post
Selects Australian Defense Battlegroup
Selects Australian Light Infantry Section
Australian Light Infantry Section
Australian Light Infantry Section
Australian Light Infantry Section
Construct Platoon Command Post
6-pounder Anti-tank Gun Team
Selects CMP 15cwt Supply Run
Selects Defensive Tactics
Construct Company Command Post
Selects Vehicle Over Repair
Selects Reinforced Resource Caches
Selects Charged Creeping Barrage
Unlock M3 Grant Medium Tanks
Australian Light Infantry Section